 Dungeon Crawl Stone Soup version 0.22-b1-26-g9dbaab1 (webtiles) character file.

104673 goulibeur the Agent of Entropy (level 15, -5/122 HPs)
             Began as a Demonspawn Abyssal Knight on Aug 7, 2018.
             Was a Priest of Lugonu.
             Slain by a thorn hunter (13 damage)
             ... on level 1 of the Swamp on Aug 8, 2018.
             The game lasted 03:50:51 (39371 turns).

goulibeur the Agent of Entropy (DsAK)              Turns: 39371, Time: 03:50:51

Health: -5/122     AC: 20    Str: 13    XL:     15   Next: 92%
Magic:  0/29       EV: 21    Int: 15    God:    Lugonu [***...]
Gold:   2433       SH:  6    Dex: 22    Spells: 20/34 levels left

rFire    . . .     SeeInvis +   I - +3 scimitar (flame)
rCold    . . .     Gourm    .   a - +0 buckler
rNeg     . . .     Faith    .   F - +2 chain mail {rPois}
rPois    +         Spirit   +   (helmet unavailable)
rElec    .         Reflect  .   J - scarf {repulsion}
rCorr    .         Harm     .   r - +0 pair of gloves
MR       ++...                  d - +0 pair of boots
Stlth    ..........             m - amulet of regeneration
HPRegen  0.70/turn              f - +3 ring of evasion
MPRegen  0.21/turn              i - ring of protection from magic

@: agile, repel missiles
A: antennae 3, slimy green scales 2, powered by pain 2, magic shield
a: Depart the Abyss, Bend Space, Banish, Renounce Religion


You were on level 1 of the Swamp.
You worshipped Lugonu.
Lugonu was most pleased with you.
You were not hungry.

You visited 6 branches of the dungeon, and saw 24 of its levels.
You visited the Abyss 1 time.

You collected 2433 gold pieces.

Inventory:

Hand Weapons
 C - the +6 scimitar "Grim Tooth" {venom, rPois Str+3}
   (You found it on level 1 of the Spider Nest)

   It poisons the flesh of those it strikes.
   It affects your strength (+3).
   It protects you from poison.
 I - a +3 scimitar of flaming (weapon)
 S - the +9 morningstar "Taucopsy" {chaos, rF+}
   (You subdued it on level 4 of the Lair of Beasts)

   Each time it hits an enemy it has a different, random effect.
   It protects you from fire.
 Y - the +12 dagger of the Apocalypse {venom, Dex+2}
   (You found it on level 3 of the Lair of Beasts)

   It poisons the flesh of those it strikes.
   It affects your dexterity (+2).
Armour
 a - a +0 buckler (worn)
 d - a +0 pair of boots (worn)
 n - a +3 plate armour
 r - a +0 pair of gloves (worn)
 A - a +0 plate armour of fire resistance
 F - a +2 chain mail of poison resistance (worn)
 J - a scarf of repulsion (worn)
 T - the +2 robe of Relativism {rPois MR- rCorr Int+4}
   (You found it on level 1 of the Lair of Beasts)

   It affects your intelligence (+4).
   It protects you from poison.
   It affects your resistance to hostile enchantments.
   It provides partial protection from all sources of acid and corrosion.
Jewellery
 b - an uncursed ring of flight
 f - a +3 ring of evasion (left hand)
 i - a ring of protection from magic (right hand)
 m - an amulet of regeneration (around neck)
 v - an uncursed ring of positive energy
 H - an uncursed ring of poison resistance
 L - an uncursed ring of stealth
 M - an uncursed ring of magical power
 Q - an uncursed ring of resist corrosion {unknown}
Wands
 o - a wand of flame (62)
 q - a wand of iceblast (9)
 x - a wand of enslavement (46)
 K - a wand of paralysis (33)
 R - a wand of random effects (36)
 U - a wand of digging (16)
 W - a wand of scattershot (5)
Scrolls
 e - 13 scrolls of remove curse
 k - a scroll of enchant armour
 s - 11 scrolls of teleportation
 y - a scroll of silence
 G - 3 scrolls of fog
 N - a scroll of identify
 P - 6 scrolls of fear
 V - a scroll of blinking
Potions
 g - 5 potions of curing
 h - 2 potions of cancellation
 j - 3 potions of might
 l - 2 potions of magic
 p - 5 potions of brilliance
 t - 2 potions of agility
 w - 4 potions of flight
 z - 5 potions of mutation
 B - 2 potions of haste {unknown}
 D - a potion of berserk rage {unknown}
 E - a potion of lignification {unknown}
 O - 4 potions of resistance
 X - 2 potions of invisibility {unknown}
Comestibles
 c - 21 rations
 u - 2 chunks of flesh


   Skills:
 + Level 12.3 Fighting
 - Level 1.7 Short Blades
 + Level 11.2 Armour
 + Level 11.1 Dodging
 + Level 3.1 Shields
 * Level 10.2 Spellcasting
 * Level 11.0 Hexes
 - Level 16.3 Invocations


You had 20 spell levels left.
You knew the following spells:

 Your Spells              Type           Power        Failure   Level  Hunger
a - Confusing Touch       Hex            #####.       1%          1    None
b - Tukima's Dance        Hex            #####...     5%          3    None
c - Corona                Hex            #####..      1%          1    None
d - Confuse               Hex            #####...     5%          3    None
e - Slow                  Hex            #####...     2%          2    None
f - Cause Fear            Hex            #####.....   17%         4    ###....

Your spell library contained the following spells:

 Spells                   Type           Power        Failure   Level  Hunger
 Apportation              Tloc           #.....       86%         1    None
 Bolt of Magma            Conj/Fire/Erth #.........   100%        5    #####..
 Venom Bolt               Conj/Pois      #.........   100%        5    #####..
 Summon Small Mammal      Summ           #...         86%         1    None
 Animate Skeleton         Necr           N/A          86%         1    None
 Summon Ice Beast         Ice/Summ       #.......     100%        4    ###....
 Call Imp                 Summ           #.......     94%         2    None
 Summon Demon             Summ           #.........   100%        5    #####..
 Iron Shot                Conj/Erth      #.........   100%        6    ######.
 Recall                   Summ/Tloc      N/A          99%         3    None
 Shadow Creatures         Summ           N/A          100%        6    ######.
 Call Canine Familiar     Summ           #.......     99%         3    None
 Ensorcelled Hibernation  Hex/Ice        ###...       26%         2    None
 Metabolic Englaciation   Hex/Ice        ###.......   99%         5    #####..
 Portal Projectile        Hex/Tloc       ###...       45%         3    None
 Petrify                  Tmut/Erth      #.......     100%        4    ###....
 Orb of Destruction       Conj           #.........   100%        7    #######
 Leda's Liquefaction      Hex/Erth       ###.......   86%         4    ###....
 Inner Flame              Hex/Fire       ###.....     45%         3    None
 Aura of Abjuration       Summ           #.........   100%        5    #####..
 Iskenderun's Battlesphe  Conj/Chrm      #.......     100%        5    #####..
 Dazzling Spray           Conj/Hex       ###...       45%         3    None
 Summon Forest            Summ/Tloc      #.........   100%        5    #####..
 Summon Lightning Spire   Summ/Air       #.......     100%        4    ###....
 Summon Guardian Golem    Hex/Summ       ###.....     45%         3    None
 Spellforged Servitor     Conj/Summ      #.........   100%        7    #######
 Summon Mana Viper        Hex/Summ       ###.....     99%         5    #####..
 Gell's Gravitas          Tloc           #.........   99%         3    None
 Yara's Violent Unravell  Hex/Tmut       ###.......   99%         5    #####..


Dungeon Overview and Level Annotations

Branches:
Dungeon (13/15)            Temple (0/1) D:5            Lair (6/6) D:8
  Swamp (1/4) Lair:3       Spider (1/4) Lair:4        Slime (0/5) Lair:6
    Orc (2/2) D:10            Elf (1/3) Orc:2
 Vaults: D:13-14

Altars:
Ashenzari
Cheibriados
Nemelex Xobeh
Okawaru
Sif Muna
Vehumet
Wu Jian
Xom
Yredelemnul
Beogh

Shops:
D:11 (   Orc:2 (}(:[

Annotations:
D:11 gros glaive at weapon shop au nord de la map
D:13 2 transporters, Ymberto's ghost, journeyman DEFE
Lair:4 un emperor scorpion se balade dans ce niveau /!\
Abyss:1 Azrael; Erolcha; Josephine; Nessos


Innate Abilities, Weirdness & Mutations

You have a pair of large antennae on your head. (SInv)
You are mostly covered in slimy green scales. (AC +3)
You sometimes gain power by taking damage.
When hurt, damage is shared between your health and your magic reserves.


Message History

The thorn hunter fires a volley of thorns at you.
The volley of thorns hits you!
* * * LOW HITPOINT WARNING * * *
You focus on the pain.
You feel your power returning.
The thorn hunter fires a volley of thorns at you.
The volley of thorns hits you!
* * * LOW HITPOINT WARNING * * *
Press: ? - help, Shift-Dir - straight line, f - thorn hunter
Aim: a thorn hunter (almost destroyed, chance to defeat MR: 28%)
The thorn hunter easily resists.
You feel somewhat more hungry. The thorn hunter misses you.
The thorn hunter completely misses you.
Unknown command.
You feel better.
The thorn hunter hits you but does no damage.
The thorn hunter completely misses you.
You don't have enough magic at the moment.
You hit the thorn hunter. You burn the thorn hunter.
The thorn hunter is almost destroyed.
The thorn hunter hits you!
You die...

§♣♣♣ ♣.≈.≈♣♣♣≈...≈ ≈≈≈
.≈≈≈..≈ ♣♣ ♣..≈♣♣ ....♣
♣.≈≈≈.>≈≈≈≈≈≈≈ ♣ ♣.≈.♣
♣..≈♣♣P.PP≈..≈≈≈≈..≈ ♣
♣...♣
♣...PP♣PPP≈≈≈≈≈≈≈≈.. ≈
♣♣♣.≈..≈♣.PP≈≈≈≈≈≈≈.≈≈ ♣
♣...≈≈≈...PP≈≈≈≈≈≈.♣.≈
♣...§≈≈≈..PP..≈≈..♣≈..
♣♣.≈......♣..≈≈≈≈≈.....
♣.≈≈≈.@..≈♣≈≈≈≈≈≈≈.....
$≈≈≈≈≈f♣♣....≈≈≈.......♣
.≈≈≈≈≈≈ ♣[.≈≈≈≈≈........
..≈≈..≈ ♣...≈≈≈≈..≈....♣
....... ♣>..≈≈≈.≈≈≈....♣
(♣..... ♣≈..≈≈.≈...≈≈≈.≈
♣♣.... ♣♣≈.≈≈....≈≈≈.≈≈
.≈≈≈≈ ♣♣...≈....§≈.≈≈
≈≈≈≈.....≈.....≈≈.♣♣


You could see a thorn hunter.

Vanquished Creatures
  Frances (Elf:1)
  Gastronok (Lair:1)
  A ghost moth (Spider:1)
  An emperor scorpion (Lair:4)
  A dire elephant (Lair:6)
  Snorg (D:13)
  2 deep elf death magi
  The ghost of Xexuamef the Earth Mage, a journeyman DEEE of Sif Muna (Lair:4)
  Erica (D:8)
  7 hydras
  2 centaur warriors (D:13)
  2 alligators (Swamp:1)
  2 two-headed ogres (D:11)
  4 dancing weapons
  3 death yaks
  12 deep elf knights
  2 orc high priests
  An unseen horror (D:11)
  A swamp dragon (Swamp:1)
  7 deep elf archers
  A death drake (D:13)
  A lindwurm (Lair:6)
  4 orc knights
  15 deep elf magi
  An orb spider (Spider:1)
  3 wolf spiders (Spider:1)
  An ugly thing (D:12)
  3 orc sorcerers (Orc:2)
  2 cyclopes
  A faun (Orc:2)
  2 manticores (Lair:6)
  A gargoyle (D:11)
  4 elephants (Lair:2)
  5 black mambas
  15 spiny frogs
  5 kobold demonologists
  A rime drake (shapeshifter) (Lair:3)
  2 rime drakes (Lair:6)
  6 komodo dragons
  7 demonic crawlers
  A meliai (D:11)
  A tengu conjurer (D:11)
  6 trolls
  A queen bee (Lair:6)
  2 polar bears
  6 jumping spiders
  A slime creature (shapeshifter) (Lair:5)
  4 hornets
  A bog body (Swamp:1)
  A slime creature (Orc:2)
  9 blink frogs
  7 dream sheep (Lair:6)
  8 hippogriffs
  2 air elementals (Elf:1)
  2 shadows (Swamp:1)
  7 tarantellas (Spider:1)
  4 wyverns
  7 redbacks
  Sigmund (D:4)
  4 wraiths
  2 fire bats (D:6)
  22 yaks
  2 water elementals (D:12)
  3 fire elementals
  A hungry ghost (D:10)
  2 basilisks
  2 steam dragons (Lair:6)
  4 vampire mosquitoes (Elf:1)
  2 wargs
  A swamp worm (Swamp:1)
  A two-headed ogre zombie (D:10)
  3 acid dragons
  Duvessa (D:6)
  A soldier ant (D:12)
  7 water moccasins
  4 porcupines
  4 swamp drakes
  3 hell hounds (Orc:2)
  2 sky beasts
  2 black bears
  16 orc warriors
  An eye of draining (D:13)
  6 ice beasts
  26 wolves
  2 phantoms
  A necrophage (D:7)
  A boggart (D:13)
  15 ogres
  6 centaurs
  11 crocodiles
  4 big kobolds
  A gnoll sergeant (D:9)
  16 bullfrogs
  Dowan (D:6)
  3 scorpions
  A troll zombie (D:10)
  3 killer bees (D:8)
  7 electric eels
  5 wights (D:9)
  5 howler monkeys
  5 crimson imps
  2 centaur zombies
  3 centaur skeletons
  10 hounds
  4 jellies
  19 orc wizards
  17 orc priests
  Jessica (D:2)
  10 iguanas
  9 worker ants
  6 ogre zombies (D:10)
  2 bullfrog simulacra (D:12)
  2 hound skeletons
  Robin (D:2)
  9 gnolls (D:9)
  7 adders
  2 shadow imps
  4 white imps (D:12)
  2 ufetubi (D:12)
  6 oozes
  2 adder skeletons (D:4)
  3 worms
  3 dart slugs
  5 leopard geckos
  69 orcs
  A ball python (D:7)
  8 giant cockroaches
  15 hobgoblins
  5 jackals (D:1)
  23 kobolds
  4 quokkas
  10 bats
  4 frilled lizards
  13 goblins
  A goblin skeleton (D:10)
  2 goblin zombies (D:10)
  4 hobgoblin skeletons (D:10)
  5 hobgoblin zombies (D:10)
  2 orc skeletons (D:10)
  11 orc zombies (D:10)
  10 rats
  2 fungi
  2 plants
733 creatures vanquished.

Vanquished Creatures (collateral kills)
  A deep elf mage (Orc:2)
1 creature vanquished.

Vanquished Creatures (others)
  An ettin (Lair:6)
  A hydra (D:11)
  A catoblepas (D:13)
  2 two-headed ogres
  An orc high priest (Orc:1)
  2 slime creatures (D:13)
  A deep elf knight (Elf:1)
  A spriggan rider (Swamp:1)
  A shambling mangrove (Swamp:1)
  2 swamp dragons
  A lindwurm (Lair:6)
  An orc knight (Orc:2)
  4 deep elf magi
  2 ugly things (D:12)
  An oklob plant (Lair:6)
  The ghost of dorian the Poker, a novice MfHu (D:8)
  A black mamba (Lair:6)
  A kobold demonologist (D:11)
  A rime drake (Lair:6)
  A komodo dragon (Lair:4)
  2 meliai (D:11)
  A wraith (Lair:4)
  3 hungry ghosts
  A swamp worm (Swamp:1)
  A swamp drake (Lair:6)
  2 orc warriors
  5 electric eels (D:12)
  An orc priest (Orc:2)
  An orc wizard (D:9)
  33 fungi
  22 plants
99 creatures vanquished.

Grand Total: 833 creatures vanquished

Notes
Turn   | Place    | Note
-------+----------+-------------------------------------------
     0 | Abyss:1  | goulibeur the Demonspawn Abyssal Knight began the quest for the Orb.
     0 | Abyss:1  | Reached XP level 1. HP: 18/18 MP: 2/2
    47 | Abyss:1  | Noticed a small abomination
    48 | D:1      | Escaped the Abyss
   100 | D:1      | Reached skill level 1 in Dodging
   137 | D:1      | Gained mutation: When hurt, damage is shared between your health and your magic reserves. [demonic ancestry]
   137 | D:1      | Reached XP level 2. HP: 1/24 MP: 4/4
   437 | D:1      | Reached skill level 3 in Invocations
   699 | D:1      | Reached * piety under Lugonu
  1447 | D:1      | Gained mutation: You have a pair of small antennae on your head. [demonic ancestry]
  1447 | D:1      | Reached XP level 3. HP: 29/29 MP: 5/5
  2185 | D:2      | Noticed Jessica
  2209 | D:2      | Killed Jessica
  2209 | D:2      | Reached skill level 4 in Invocations
  2209 | D:2      | Reached XP level 4. HP: 28/35 MP: 5/7
  2931 | D:2      | Noticed Robin
  2949 | D:2      | Killed Robin
  2992 | D:2      | Reached ** piety under Lugonu
  2997 | D:2      | Gained mutation: You have a pair of antennae on your head. [demonic ancestry]
  2997 | D:2      | Reached XP level 5. HP: 15/41 MP: 8/8
  3426 | D:3      | Reached skill level 5 in Invocations
  3574 | D:3      | Found an iron altar of Okawaru.
  3762 | D:3      | Found a snail-covered altar of Cheibriados.
  4328 | D:4      | Noticed Sigmund
  4438 | D:4      | Found an ornate altar of the Wu Jian Council.
  4530 | D:4      | Noticed a phantom
  4640 | D:4      | Killed a phantom
  4640 | D:4      | Gained mutation: You sometimes gain a little power by taking damage. [demonic ancestry]
  4640 | D:4      | Reached XP level 6. HP: 37/48 MP: 6/10
  4674 | D:4      | Reached skill level 6 in Invocations
  4877 | D:5      | Entered Level 5 of the Dungeon
  5365 | D:5      | Gained mutation: You are partially covered in slimy green scales. (AC +2) [demonic ancestry]
  5365 | D:5      | Reached XP level 7. HP: 24/55 MP: 3/12
  5647 | D:5      | Found a staircase to the Ecumenical Temple.
  5919 | D:5      | Found a radiant altar of Vehumet.
  5920 | D:5      | Found a basalt altar of Yredelemnul.
  6080 | D:6      | Reached skill level 7 in Invocations
  6198 | D:6      | Found a shattered altar of Ashenzari.
  6285 | D:6      | Found a transporter.
  6430 | D:6      | Noticed Duvessa
  6430 | D:6      | Noticed Dowan
  6451 | D:6      | Killed Duvessa
  6451 | D:6      | Reached skill level 5 in Fighting
  6451 | D:6      | Reached skill level 8 in Invocations
  6463 | D:6      | Killed Dowan
  6463 | D:6      | Reached *** piety under Lugonu
  6463 | D:6      | Reached XP level 8. HP: 44/62 MP: 8/14
  6755 | D:6      | Found a transporter.
  7071 | D:7      | Reached skill level 9 in Invocations
  7449 | D:7      | Noticed a hippogriff
  7461 | D:7      | Killed a hippogriff
  7853 | D:7      | Reached skill level 5 in Armour
  7905 | D:8      | Reached skill level 10 in Invocations
  7961 | D:8      | Gained mutation: You have a pair of large antennae on your head. (SInv) [demonic ancestry]
  7961 | D:8      | Reached XP level 9. HP: 60/68 MP: 13/16
  8061 | D:8      | Reached skill level 5 in Dodging
  8100 | D:8      | Noticed a troll
  8154 | D:8      | Killed a troll
  8297 | D:8      | Reached skill level 11 in Invocations
  8309 | D:8      | Reached **** piety under Lugonu
  9011 | D:8      | Found a sparkling altar of Nemelex Xobeh.
  9040 | D:8      | Found a staircase to the Lair.
  9076 | D:8      | Found a large runed door.
  9076 | D:8      | Noticed dorian's ghost (novice MfHu)
  9077 | D:8      | Found a large runed door.
  9089 | D:8      | Banished dorian's ghost
  9089 | D:8      | Reached skill level 12 in Invocations
  9089 | D:8      | Gained mutation: You sometimes gain power by taking damage. [demonic ancestry]
  9089 | D:8      | Reached XP level 10. HP: 78/78 MP: 17/19
  9593 | D:9      | Noticed a two-headed ogre
  9609 | D:9      | Banished a two-headed ogre
  9896 | D:9      | Noticed Erica
  9928 | D:8      | Killed Erica
 10101 | D:9      | Reached skill level 13 in Invocations
 10380 | D:9      | Reached ***** piety under Lugonu
 10848 | D:9      | Reached XP level 11. HP: 84/85 MP: 21/21
 11053 | D:10     | Entered Level 10 of the Dungeon
 11091 | D:10     | Noticed a two-headed ogre
 11109 | D:10     | Banished a two-headed ogre
 11349 | D:10     | Reached skill level 14 in Invocations
 11434 | D:10     | Found a staircase to the Orcish Mines.
 11562 | D:10     | Paralysed by fainting for 7 turns
 12196 | D:4      | Killed Sigmund
 13000 | D:11     | Noticed an unseen horror
 13025 | D:11     | Killed an unseen horror
 13112 | D:11     | Reached skill level 15 in Invocations
 13195 | D:11     | Found Ugiurali's Weapon Shop.
 13225 | D:11     | Noticed a two-headed ogre
 13229 | D:11     | Noticed a seven-headed hydra
 13269 | D:11     | Killed a two-headed ogre
 13272 | D:11     | Banished a seven-headed hydra
 13516 | D:11     | Noticed a sun demon
 13516 | D:11     | Noticed a soul eater
 13829 | D:11     | Gained mutation: You are mostly covered in slimy green scales. (AC +3) [demonic ancestry]
 13829 | D:11     | Reached XP level 12. HP: 96/96 MP: 23/23
 13915 | D:11     | Noticed a two-headed ogre
 13925 | D:11     | Killed a two-headed ogre
 14850 | Lair:1   | Entered Level 1 of the Lair of Beasts
 14874 | Lair:1   | Noticed Gastronok
 14909 | Lair:1   | Killed Gastronok
 14909 | Lair:1   | Reached skill level 16 in Invocations
 15007 | Lair:1   | Noticed a seven-headed hydra
 15031 | Lair:1   | Killed a one-headed hydra
 15258 | Lair:1   | Learned a level 1 spell: Confusing Touch
 15416 | Lair:1   | Reached skill level 10 in Fighting
 15644 | Lair:1   | Got a heavy robe
 15655 | Lair:1   | Identified the +2 robe of Relativism {rPois MR- rCorr Int+4} (You found it on level 1 of the Lair of Beasts)
 15796 | Lair:1   | Reached skill level 1 in Hexes
 15863 | Lair:1   | Reached skill level 1 in Spellcasting
 17089 | Lair:2   | You fall through a shaft!
 17156 | Lair:3   | Found a staircase to the Swamp.
 17699 | Lair:2   | HP: 4/97 [poisoned by a black mamba]
 17704 | Lair:2   | HP: 2/97 [poisoned by a black mamba]
 17709 | Lair:2   | HP: 1/97 [poisoned by a black mamba]
 17714 | Lair:2   | HP: 2/97 [poisoned by a black mamba]
 17719 | Lair:2   | HP: 3/97 [poisoned by a black mamba]
 18392 | Lair:2   | Reached XP level 13. HP: 97/104 MP: 21/25
 18843 | Lair:3   | Got a translucent dagger
 18844 | Lair:3   | Identified the +12 dagger of the Apocalypse {venom, Dex+2} (You found it on level 3 of the Lair of Beasts)
 19050 | Lair:4   | Found a hole to the Spider Nest.
 19211 | Lair:4   | Found a runed door.
 19211 | Lair:4   | Found a shimmering altar of Xom.
 19211 | Lair:4   | Noticed Xexuamef's ghost (journeyman DEEE)
 19943 | Lair:4   | Noticed Josephine
 19945 | Lair:4   | Banished Josephine
 20308 | Lair:4   | Killed Xexuamef's ghost
 20310 | Lair:4   | Got an ancient morningstar {chaos}
 20330 | Lair:4   | Identified the +9 morningstar "Taucopsy" {chaos, rF+} (You subdued it on level 4 of the Lair of Beasts)
 20621 | Lair:5   | Reached skill level 5 in Hexes
 21332 | Lair:6   | Entered Level 6 of the Lair of Beasts
 21542 | Lair:6   | Found a deep blue altar of Sif Muna.
 21545 | Lair:6   | Reached skill level 5 in Spellcasting
 21592 | Lair:6   | Learned a level 3 spell: Tukima's Dance
 21595 | Lair:6   | Learned a level 1 spell: Corona
 21599 | Lair:6   | Learned a level 3 spell: Confuse
 22599 | Lair:6   | Noticed a fire dragon
 22610 | Lair:6   | Noticed an ettin
 22610 | Lair:6   | a fire dragon changed into an ettin
 22612 | Lair:6   | Banished an ettin
 22707 | Lair:6   | Got a bronze scale mail
 22731 | Lair:6   | Identified the +1 scale mail "Biegh" {rPois Stlth+} (You found it on level 6 of the Lair of Beasts)
 23167 | Lair:6   | Identified a scroll of acquirement
 23235 | Lair:6   | Found a snail-covered altar of Cheibriados.
 23236 | Lair:6   | Reached skill level 10 in Armour
 23267 | Lair:6   | Found a staircase to the Slime Pits.
 23325 | Lair:6   | Learned a level 2 spell: Slow
 23330 | Lair:6   | Learned a level 4 spell: Cause Fear
 23555 | Lair:6   | Reached XP level 14. HP: 72/113 MP: 14/26
 24809 | D:12     | Reached skill level 10 in Dodging
 26065 | D:13     | Found a transporter.
 26065 | D:13     | Noticed Ymberto's ghost (journeyman DEFE)
 26112 | D:13     | Found a transporter.
 26318 | D:13     | Noticed Snorg
 26336 | D:13     | Killed Snorg
 27004 | Orc:1    | Entered Level 1 of the Orcish Mines
 27241 | Orc:1    | Found a roughly hewn altar of Beogh.
 27539 | Orc:1    | You fall through a shaft!
 27539 | Orc:2    | Entered Level 2 of the Orcish Mines
 27552 | Orc:2    | Noticed Azrael
 27558 | Orc:2    | Found a staircase to the Elven Halls.
 27570 | Orc:2    | Banished Azrael
 27710 | Orc:2    | Noticed Erolcha
 27712 | Orc:2    | Banished Erolcha
 27719 | Orc:2    | Found a roughly hewn altar of Beogh.
 27755 | Orc:2    | Noticed Nessos
 27757 | Orc:2    | Banished Nessos
 28008 | Orc:2    | Found Uxeuma's Antique Armour Shoppe.
 28118 | Orc:1    | You fall through a shaft!
 29641 | Orc:2    | Found Lusoot's Antique Weapon Boutique.
 29641 | Orc:2    | Found Suinid's Book Emporium.
 29643 | Orc:2    | Found Resada's Antique Weapon Boutique.
 29643 | Orc:2    | Found Konkeu Myff's Gadget Emporium.
 29763 | Elf:1    | Entered Level 1 of the Elven Halls
 29824 | Elf:1    | Noticed Frances
 30167 | Orc:2    | Reached XP level 15. HP: 116/118 MP: 24/27
 31333 | Swamp:1  | Entered Level 1 of the Swamp
 31673 | Swamp:1  | HP: 5/118 [three-headed hydra (9)]
 31984 | Spider:1 | Entered Level 1 of the Spider Nest
 32460 | Spider:1 | Reached skill level 1 in Shields
 32483 | Spider:1 | Got an ichor-stained scimitar
 32500 | Spider:1 | Identified the +6 scimitar "Grim Tooth" {venom, rPois Str+3} (You found it on level 1 of the Spider Nest)
 32632 | Lair:4   | Reached skill level 10 in Hexes
 33688 | Spider:1 | Noticed a ghost moth
 33720 | Spider:1 | Killed a ghost moth
 34965 | Spider:1 | HP: 6/120 [wolf spider (6)]
 36612 | Elf:1    | Killed Frances
 38093 | Elf:1    | Reached skill level 10 in Spellcasting
 39069 | Swamp:1  | Found a basalt altar of Yredelemnul.
 39326 | Swamp:1  | Noticed a thorn hunter
 39368 | Swamp:1  | HP: 2/122 [thorn hunter/volley of thorns (18)]
 39371 | Swamp:1  | Slain by a thorn hunter

Skill      XL: |  1  2  3  4  5  6  7  8  9 10 11 12 13 14 15 |
---------------+----------------------------------------------+-----
Dodging        | 1 2 3 4 5 7 8 9 10 11 | 11.1
Invocations    | 3 4 5 6 8 10 12 13 15 16 | 16.3
Armour         | 2 3 4 5 6 7 8 9 10 11 | 11.2
Fighting       | 4 5 6 7 8 9 10 11 12 | 12.3
Hexes          | 3 7 9 11 | 11.0
Spellcasting   | 3 6 8 10 | 10.2
Shields        | 3 |  3.1
Short Blades   | |  1.7

Action                   |  1- 3 |  4- 6 |  7- 9 | 10-12 | 13-15 || total
-------------------------+-------+-------+-------+-------+-------++-------
Melee: Short sword       |   187 |   551 |   507 |   480 |       ||  1725
       Scimitar          |       |       |       |   780 |    92 ||   872
       Broad axe         |       |       |       |    10 |       ||    10
       Morningstar       |       |       |       |       |  1645 ||  1645
       Dagger            |       |       |       |       |   108 ||   108
 Cast: Confusing Touch   |       |       |       |       |     2 ||     2
       Tukima's Dance    |       |       |       |       |     9 ||     9
       Confuse           |       |       |       |       |     4 ||     4
       Slow              |       |       |       |       |     2 ||     2
Invok: Depart the Abyss  |     1 |       |       |       |       ||     1
       Banish            |       |       |       |    16 |    50 ||    66
       Bend Space        |       |       |       |       |     2 ||     2
 Abil: Evoke Flight      |       |       |       |       |     1 ||     1
Evoke: Wand              |       |       |       |       |     1 ||     1
  Use: Scroll            |       |    10 |       |    12 |    15 ||    37
       Potion            |       |     1 |       |     2 |     8 ||    11
 Stab: Paralysed         |       |       |       |       |    21 ||    21
       Petrified         |       |       |       |       |    27 ||    27
       Petrifying        |       |       |       |       |     4 ||     4
       Confused          |       |       |       |       |     6 ||     6
       Invisible         |       |       |       |       |     1 ||     1
       Distracted        |       |       |       |       |     1 ||     1
  Eat: Chunk             |     4 |    11 |    13 |    19 |    40 ||    87
       Ration            |       |       |       |     8 |    14 ||    22
Armor: Leather armour    |    23 |       |       |       |       ||    23
       Ring mail         |    42 |       |       |       |       ||    42
       Chain mail        |    11 |   274 |   286 |   679 |  1306 ||  2556
       Plate armour      |       |       |       |   124 |   297 ||   421
Dodge: Dodged            |   110 |   203 |   285 |  1008 |  2155 ||  3761
       Deflected         |       |       |       |    12 |   104 ||   116
Block: Buckler           |       |       |       |       |   229 ||   229
       Rpst.: Scimitar   |       |       |       |   183 |    22 ||   205
